 Dungeon Crawl Stone Soup version 0.31-a0-1447-g87ca8d402b (webtiles) character file.

Game seed: 16052792347994522984

1233 pokeman the Thaumaturge (level 8, -5/44 HPs)
             Began as a Deep Elf Hedge Wizard on Dec 27, 2023.
             Slain by an ice beast (14 damage)
             ... on level 6 of the Dungeon on Dec 28, 2023.
             The game lasted 00:10:51 (7177 turns).

pokeman the Thaumaturge (Deep Elf Hedge Wizard)     Turns: 7177, Time: 00:10:52

Health: -5/44      AC:  7    Str:  7    XL:     8   Next: 24%
Magic:  16/23      EV: 13    Int: 22    God:
Gold:   253        SH:  0    Dex: 14    Spells: 18/26 levels left

rFire   + . .        z - +2 halberd
rCold   . . .        (shield currently unavailable)
rNeg    . . .        w - +2 robe {rF+}
rPois   .            j - +1 helmet
rElec   .            (no cloak)
rCorr   .            (no gloves)
SInv    .            k - +0 pair of boots
Will    .....        s - amulet of regeneration
Stlth   ++           (no ring)
HPRegen 1.07/turn    (no ring)
MPRegen 0.18/turn

%: no passive effects
@: on blink cooldown
A: no striking features
a: no special abilities


You were on level 6 of the Dungeon.
You visited 1 branch of the dungeon, and saw 6 of its levels.

You collected 253 gold pieces.

Inventory:

Hand Weapons
 z - a +2 halberd (weapon)
Armour
 c - an orb of energy
 j - a +1 helmet (worn)
 k - a +0 pair of boots (worn)
 w - a +2 robe of fire resistance (worn)
Jewellery
 s - an amulet of regeneration (around neck)
 u - an amulet of faith
Scrolls
 a - a scroll of enchant armour {unknown}
 b - a scroll of fear {unknown}
 e - a scroll of silence {unknown}
 g - a scroll of torment {unknown}
 i - 5 scrolls of teleportation {unknown}
 m - 6 scrolls of identify {unknown}
 o - 2 scrolls of vulnerability {unknown}
 p - a scroll of revelation {unknown}
 t - 2 scrolls of acquirement {unknown}
 v - a scroll of poison {unknown}
 x - a scroll of noise {unknown}
 y - 2 scrolls of butterflies {unknown}
Potions
 d - a potion of magic
 f - a potion of might {unknown}
 h - 2 potions of degeneration {unknown}
 l - a potion of haste {unknown}
 n - 3 potions of curing {unknown}
 q - a potion of ambrosia {unknown}
 r - a potion of heal wounds {unknown}


   Skills:
 - Level 2.0 Fighting
 + Level 2.8 Armour
 - Level 3.0 Dodging
 - Level 3.0 Stealth
 * Level 9.9 Spellcasting
 + Level 5.2 Conjurations
 - Level 1.1 Summonings
 - Level 1.1 Translocations
 - Level 1.0 Air Magic
 - Level 1.1 Alchemy


You had 18 spell levels left.
You knew the following spells:

 Your Spells              Type           Power      Damage    Failure   Level
a - Magic Dart            Conj           100%       1d8       1%          1
b - Mephitic Cloud        Conj/Alch/Air  21%        N/A       7%          3
c - Call Imp              Summ           30%        N/A       6%          2
d - Blink                 Tloc           30%        N/A       6%          2

Your spell library contained the following spells:

 Spells                   Type           Power      Damage    Failure   Level
 Slow                     Hex            40%        N/A       6%          1
 Lesser Beckoning         Tloc           30%        N/A       6%          2
 Cigotuvi's Dreadful Rot  Necr/Alch/Air  28%        N/A       7%          2
 Gell's Gravitas          Tloc           15%        N/A       12%         3
 Teleport Other           Tloc           15%        N/A       12%         3


Dungeon Overview and Level Annotations

Branches:
Dungeon (6/15)
 Temple: D:4-7

Altars:
Cheibriados
Sif Muna

Shops:
D:3 *   D:4 !   D:5 :


Message History

A tiny devil pulls itself out of the air.
The ice beast hits you. The ice beast freezes you!
Unknown command.
You puncture the ice beast!
The ice beast is severely wounded.
The ice beast hits you but does no damage.
Your cerulean imp hits the ice beast but does no damage.
The ice beast misses you.
Unknown command.
You hit the ice beast.
The ice beast is severely wounded.
Your cerulean imp hits the ice beast but does no damage.
The ice beast hits your cerulean imp.
The ice beast freezes your cerulean imp.
Your cerulean imp hits the ice beast but does no damage.
Unknown command.
You strike the helpless ice beast from behind!
You hit the ice beast but do no damage.
The ice beast is severely wounded.
The ice beast hits you. The ice beast freezes you!
Your cerulean imp closely misses the ice beast.
The ice beast hits you. The ice beast freezes you!
* * * LOW HITPOINT WARNING * * *
Casting: Call Imp (safe; 6% risk of failure)
Confirm with . or Enter, or press ? or * to list all spells.
You blink.
Your cerulean imp hits the ice beast but does no damage.
Unknown command.
Casting: Blink (safe; 6% risk of failure)
Confirm with . or Enter, or press ? or * to list all spells.
Aiming: Magic Dart (safe; 1% risk of failure)
Press: ? - help, Shift-Dir - straight line, f/p - ice beast
Aim: an ice beast (severely wounded, ally target, 100% to hit)
The magic dart hits the ice beast.
The ice beast is severely wounded.
Your cerulean imp barely misses the ice beast.
The ice beast hits you.
* * * LOW HITPOINT WARNING * * *
The ice beast freezes you!
You die...

.....## #......#
......####...##.#
......'.....).#.#
......####...##.#
.....## ##.###.#
....## #####ยง###
...## #..5....#
#'## #.###Y#.#
#.# #..@.# #.#
#.....# #.##
#........# ...##
#.#.....##
....### # ##..$.#
.......# .....#
#.####.# ##.####
#.# .. .. #.# #


You could see an ice beast (ally target) and a friendly cerulean imp (summoned).

Vanquished Creatures
  A phantom (D:5)
  Blork the orc (D:5)
  5 scorpions (D:5)
  5 wights
  A bombardier beetle (D:3)
  3 hounds
  2 orc priests (D:5)
  2 iguanas
  2 orc wizards (D:5)
  10 adders
  2 ufetubi (D:5)
  A worm (D:4)
  7 dart slugs
  11 orcs
  7 endoplasms
  3 giant cockroaches
  5 goblins
  7 hobgoblins
  4 kobolds
  4 quokkas
  2 ball pythons
  8 bats
  5 frilled lizards
  6 rats
104 creatures vanquished.

Vanquished Creatures (collateral kills)
  A scorpion (D:4)
1 creature vanquished.

Grand Total: 105 creatures vanquished

Notes
Turn   | Place    | Note
-------+----------+-------------------------------------------
     0 | D:1      | pokeman the Deep Elf Hedge Wizard began the quest for the
                  | Orb.
     0 | D:1      | Reached XP level 1. HP: 10/10 MP: 7/7
    35 | D:1      | Found a faded altar of an unknown god.
   228 | D:1      | Reached XP level 2. HP: 9/16 MP: 2/9
   803 | D:1      | Reached skill level 5 in Spellcasting
  1110 | D:1      | Reached XP level 3. HP: 20/20 MP: 6/11
  1114 | D:1      | Learned a level 3 spell: Mephitic Cloud
  1117 | D:1      | Learned a level 2 spell: Call Imp
  1120 | D:1      | Learned a level 2 spell: Blink
  1818 | D:2      | Reached skill level 1 in Fighting
  2031 | D:2      | Reached skill level 1 in Armour
  2287 | D:2      | Reached XP level 4. HP: 25/25 MP: 5/13
  3014 | D:3      | Reached skill level 6 in Spellcasting
  3100 | D:3      | Reached XP level 5. HP: 29/29 MP: 9/15
  3435 | D:3      | Found Wossu's Assorted Antiques.
  4050 | D:4      | Reached skill level 1 in Air Magic
  4050 | D:4      | Reached skill level 1 in Alchemy
  4214 | D:4      | Found Ilaru's Distillery.
  4490 | D:4      | Reached XP level 6. HP: 32/34 MP: 7/17
  4666 | D:4      | Found a snail-covered altar of Cheibriados.
  4907 | D:4      | Reached skill level 7 in Spellcasting
  5348 | D:5      | Entered Level 5 of the Dungeon
  5348 | D:5      | Found Isu Eris's Self-Improvement Boutique.
  5639 | D:5      | Reached XP level 7. HP: 37/40 MP: 12/20
  5701 | D:5      | Reached skill level 8 in Spellcasting
  5892 | D:5      | Noticed Blork the orc
  5927 | D:5      | Killed Blork the orc
  6115 | D:5      | Reached skill level 9 in Spellcasting
  6340 | D:5      | Found a shimmering blue altar of Sif Muna.
  6837 | D:5      | Reached XP level 8. HP: 44/44 MP: 16/23
  6899 | D:6      | Reached skill level 5 in Conjurations
  7177 | D:6      | Slain by an ice beast

Illustrated notes

Levels and vault maps discovered:
D:1:      dpeg_arrival_rhombus, layout_basic, hellmonk_ecumenical_altar_zigzags,
          st_stairs_3
D:2:      layout_loops_corners, minmay_misc_feat_cross
D:3:      wander_river, layout_loops_ring, serial_shops, shop
D:4:      layout_basic, mainiacjoe_overflow_24_doors, serial_shops, shop
D:5:      layout_loops_ring, lemuel_blue_sif_altar, kennysheep_flooded_box,
          nicolae_shop_self_help, uniq_blork_the_orc
D:6:      layout_loops_corners, temple_fountains, minmay_alternating_orb,
          uniq_prince_ribbit1

Skill      XL: |  1  2  3  4  5  6  7  8 |
---------------+-------------------------+-----
Spellcasting   | 5 6 7 9 |  9.9
Fighting       | 1 2 |  2.0
Conjurations   | 2 3 4 5 |  5.2
Armour         | 1 2 |  2.8
Dodging        | 3 |  3.0
Stealth        | 3 |  3.0
Air Magic      | 1 |  1.0
Alchemy        | 1 |  1.1
Summonings     | |  1.1
Translocations | |  1.1

Action                     |  1- 3 |  4- 6 |  7- 9 || total
---------------------------+-------+-------+-------++-------
  Melee: Dagger            |    10 |    43 |    32 ||    85
         Halberd           |       |       |     3 ||     3
   Cast: Magic Dart        |   113 |   149 |   101 ||   363
         Mephitic Cloud    |     1 |     7 |     6 ||    14
         Call Imp          |       |     2 |     6 ||     8
         Blink             |       |       |     2 ||     2
   Stab: Confused          |       |     1 |     4 ||     5
         Distracted        |       |       |     1 ||     1
 Armour: Robe              |    10 |    27 |    26 ||    63
  Dodge: Dodged            |    14 |    35 |    33 ||    82

Table legend: (Time is in decaauts)
 A = Elapsed time spent in this place.
 B = Non-inter-level travel time spent in this place.
 C = Inter-level travel time spent in this place.
 D = Time resting spent in this place.
 E = Time spent auto-exploring this place.
 F = Levels seen in this place.
 G = Mean time per level.
                   A        B        C        D        E       F      G
               +--------+--------+--------+--------+--------+-----+--------+
         Total |   7197 |   7029 |    168 |    108 |   6035 |   6 | 1199.5 |
       Dungeon |   7197 |   7029 |    168 |    108 |   6035 |   6 | 1199.5 |
               +--------+--------+--------+--------+--------+-----+--------+

Top non-repeatable levels by time:
     D:1: 1627 daAuts
     D:5: 1525 daAuts
     D:4: 1465 daAuts
     D:2: 1338 daAuts
     D:3: 936 daAuts
     D:6: 304 daAuts
